 Dungeon Crawl Stone Soup version 0.25-a0-306-g3faca94807 (webtiles) character file.

Game seed: 12170779631002611337, levelgen mode: deterministic

102 Redear the Skirmisher (level 4, -4/37 HPs)
             Began as a Mummy Monk on Dec 21, 2019.
             Splashed by a jelly's acid (5 damage)
             ... on level 4 of the Dungeon.
             The game lasted 00:03:30 (3510 turns).

Redear the Skirmisher (Mummy Monk)                  Turns: 3510, Time: 00:03:30

Health: -4/37      AC:  0    Str: 14    XL:     4   Next: 49%
Magic:  4/4        EV: 13    Int:  9    God:
Gold:   89         SH:  0    Dex: 15    Spells: 3/3 levels left

rFire    x . .     SeeInvis .     - Unarmed
rCold    + . .     Gourm    .   (no shield)
rNeg     + + +     Faith    .   (no armour)
rPois    ∞         Spirit   .   (no helmet)
rElec    .         Reflect  .   (no cloak)
rCorr    .         Harm     .   f - +2 pair of gloves
MR       .....                  b - +0 pair of boots
Stlth    ++........             (no amulet)
HPRegen  0.12/turn              (no ring)
MPRegen  0.09/turn              (no ring)

@: corroded
A: no food or potions, fire vulnerability, cold resistance 1, negative energy
resistance 3, torment resistance, unbreathing
a: no special abilities


You were on level 4 of the Dungeon.
You were not hungry.

You visited 1 branch of the dungeon, and saw 4 of its levels.

You collected 89 gold pieces.

Inventory:

Armour
 b - a +0 pair of boots (worn)
 f - a +2 pair of gloves (worn)
Wands
 c - a wand of random effects (25)
Scrolls
 a - a scroll of noise
 d - a scroll of enchant armour {unknown}
 e - a scroll of enchant weapon
 g - a scroll of random uselessness
 h - 2 scrolls of fear
 i - a scroll of magic mapping {unknown}


   Skills:
 + Level 3.9 Fighting
 + Level 3.1 Dodging
 - Level 1.5 Stealth
 + Level 3.2 Unarmed Combat


You had 3 spell levels left.
You didn't know any spells.
Your spell library was empty.

Dungeon Overview and Level Annotations

Branches:
Dungeon (4/15)
 Temple: D:4-7

Altars:
Ashenzari
Cheibriados
Nemelex Xobeh


Innate Abilities, Weirdness & Mutations

You do not eat or drink.
Your flesh is vulnerable to fire.
You are immune to poison.
Your flesh is cold resistant. (rC+)
You are immune to negative energy. (rN+++)
You are immune to unholy pain and torment.
You can survive without breathing.


Message History

* * * LOW HITPOINT WARNING * * *
You take 13 damage, and have 2/37 hp.
MASSIVE DAMAGE!!
You are too injured to fight recklessly!
You are too injured to fight recklessly!
You are too injured to fight recklessly!
You are too injured to fight recklessly!
You are too injured to fight recklessly!
You are too injured to fight recklessly!
Unknown command.
Unknown command.
Press: ? - help, v - describe, . - travel
Here: a jelly (severely wounded)
The floor.
Unknown command.
Unknown command.
Unknown command.
The jelly hits you.
* * * LOW HITPOINT WARNING * * *
The acid corrodes you!
You are splashed with acid.
You die...

#.##### #.# ######
########.##### #
....####.............
#.#.....#.......#.#...#
#.....# #..####.###.#.#
#.....# #..##...#.....#
#....J#+#..##.#######.#
#.....@....##.........#
#..........############
##............#
#.####+##.#.## #. #.#.#
#. >. . ##.## .#


You could see a jelly.

Vanquished Creatures
  A bullfrog skeleton (D:4)
  An adder (D:3)
  2 dart slugs (D:1)
  2 leopard geckos
  An orc (D:3)
  A ball python (D:2)
  5 bats
  4 giant cockroaches
  4 goblins
  7 hobgoblins
  3 jackals (D:1)
  3 quokkas
  5 frilled lizards
  9 kobolds
  7 rats
55 creatures vanquished.

Notes
Turn   | Place    | Note
-------+----------+-------------------------------------------
     0 | D:1      | Redear the Mummy Monk began the quest for the Orb.
     0 | D:1      | Reached XP level 1. HP: 18/18 MP: 1/1
   214 | D:1      | Reached XP level 2. HP: 22/24 MP: 2/2
  1031 | D:1      | Reached XP level 3. HP: 24/29 MP: 3/3
  1192 | D:2      | Found a snail-covered altar of Cheibriados.
  2096 | D:2      | Reached skill level 3 in Unarmed Combat
  2740 | D:3      | Reached skill level 3 in Dodging
  3023 | D:3      | Reached XP level 4. HP: 32/37 MP: 4/4
  3139 | D:3      | Found a sparkling altar of Nemelex Xobeh.
  3141 | D:3      | Found a shattered altar of Ashenzari.
  3508 | D:4      | HP: 2/37 [acid (9)]
  3510 | D:4      | Splashed by a jelly's acid

Levels and vault maps discovered:
D:1:      eino_arrival_cavern_a, layout_basic
D:2:      layout_basic, cheibriados_altar_1
D:3:      layout_basic, gammafunk_temple_overflow_pools, first_ration,
          minmay_misc_feat_tower
D:4:      layout_basic, kennysheep_little_box

Skill      XL: |  1  2  3 |
---------------+----------+-----
Unarmed Combat | 3 |  3.2
Dodging        | 3 |  3.1
Fighting       | |  3.9
Stealth        | |  1.5

Action                   |  1- 3 |  4- 6 || total
-------------------------+-------+-------++-------
Melee: Unarmed           |   239 |    35 ||   274
       Punch             |     4 |       ||     4
  Use: Scroll            |     4 |       ||     4
 Stab: Sleeping          |     4 |       ||     4
Armor: Skin              |    28 |     5 ||    33
Dodge: Dodged            |   182 |    26 ||   208

Table legend:
 A = Non-vault XP
 B = Vault XP
 C = Vault XP percentage of total XP
 D = Non-vault monster count
 E = Vault monster count
 F = Vault count percentage of total count
                 A         B        C        D         E       F
            +---------+---------+-------+---------+---------+-------
      Total |     146 |       0 |   0.0 |      55 |       0 |   0.0
            +---------+---------+-------+---------+---------+-------
        D:1 |      44 |       0 |   0.0 |      27 |       0 |   0.0
        D:2 |      29 |       0 |   0.0 |      18 |       0 |   0.0
        D:3 |      28 |       0 |   0.0 |       8 |       0 |   0.0
        D:4 |      45 |       0 |   0.0 |       2 |       0 |   0.0
            +---------+---------+-------+---------+---------+-------
